 Dungeon Crawl Stone Soup version 0.29-a0-824-gd827844252 (webtiles) character file.

Game seed: 3337674409321057699

341 Malachi the Shooter (level 6, -4/42 HPs)
             Began as an Octopode Monk on July 10, 2022.
             Slain by a gnoll
             ... wielding a +3 halberd
              (17 damage)
             ... on level 4 of the Dungeon.
             The game lasted 00:02:29 (2858 turns).

Malachi the Shooter (Octopode Monk)                 Turns: 2858, Time: 00:02:30

Health: -4/42      AC:  1    Str: 11    XL:     6   Next: 56%
Magic:  6/6        EV: 14    Int: 12    God:
Gold:   82         SH:  0    Dex: 16    Spells: 5/5 levels left

rFire   . . .      SeeInvis .   f - +0 sling (flame)
rCold   . . .      Faith    .   (no shield)
rNeg    . . .      Spirit   .   (helmet restricted)
rPois   .          Reflect  .   (no amulet)
rElec   .          Harm     .   (no ring)
rCorr   .          Rampage  .   (no ring)
Will    .....                   (no ring)
Stlth   +++.......              (no ring)
HPRegen 0.14/turn               (no ring)
MPRegen 0.10/turn               (no ring)
                                (no ring)
                                (no ring)

@: no status effects
A: almost no armour, amphibious, 8 rings, camouflage 1, gelatinous body 1,
(nimble swimmer 1), tentacles
a: no special abilities


You were on level 4 of the Dungeon.
You visited 1 branch of the dungeon, and saw 4 of its levels.

You collected 82 gold pieces.

Inventory:

Hand Weapons
 f - a +0 sling of flaming (weapon)
Jewellery
 h - a ring of fire
Wands
 p - a wand of iceblast (5)
Scrolls
 b - a scroll of silence
 g - 2 scrolls of teleportation
 j - a scroll of fear
 k - a scroll of fog {unknown}
 m - a scroll of noise {unknown}
 n - a scroll of vulnerability {unknown}
 o - a scroll of amnesia {unknown}
Potions
 a - 2 potions of ambrosia
 c - 2 potions of curing {unknown}
 d - a potion of lignification {unknown}
 i - a potion of flight {unknown}
 l - 2 potions of invisibility {unknown}
 q - a potion of cancellation {unknown}


   Skills:
 - Level 3.0 Fighting
 + Level 5.5 Ranged Weapons
 - Level 3.0 Dodging
 - Level 2.6 Stealth
 - Level 4.2 Unarmed Combat


You had 5 spell levels left.
You didn't know any spells.
Your spell library contained the following spells:

 Spells                   Type           Power      Damage    Failure   Level
 Magic Dart               Conj           0%         1d3       32%         1
 Call Imp                 Summ           0%         N/A       45%         2
 Mephitic Cloud           Conj/Pois/Air  0%         N/A       69%         3


Dungeon Overview and Level Annotations

Branches:
Dungeon (4/15)
 Temple: D:4-7

Altars:
Elyvilon


Innate Abilities, Weirdness & Mutations

You cannot wear most types of armour.
You are amphibious.
You can wear up to eight rings at the same time.
Your skin changes colour to match your surroundings (Stealth+).
Your rubbery body absorbs attacks. (AC +1, EV +1)
((You are camouflaged when in or above water. (Stealth+)))
You have tentacles for arms and can constrict up to eight enemies at once.


Message History

The sling bullet burns the gnoll.
You kill the gnoll!
The gnoll closely misses you.
You shoot a sling bullet.
The sling bullet hits the gnoll but does no damage.
The gnoll hits you from afar with a +0 spear.
You shoot a sling bullet. The sling bullet hits the gnoll.
The sling bullet burns the gnoll.
The gnoll is heavily wounded.
The gnoll hits you from afar with a +0 spear.
You shoot a sling bullet. The sling bullet hits the gnoll.
The sling bullet burns the gnoll.
You kill the gnoll!
The gnoll misses you.
You shoot a sling bullet.
The sling bullet barely misses the gnoll.
The gnoll closely misses you.
The gnoll hits you from afar with a +0 spear!
* * * LOW HITPOINT WARNING * * *
You are too injured to fight recklessly!
You are too injured to fight recklessly!
You are too injured to fight recklessly!
You are too injured to fight recklessly!
You are too injured to fight recklessly!
You are too injured to fight recklessly!
Fire: f) +0 sling (flame)
Press: ? - help, Q - select action, (/) - cycle Shift-Dir - straight line, f/p - gnoll
Aim: a gnoll, wielding a +0 spear (64% to hit)
You shoot a sling bullet. The sling bullet hits the gnoll!
The sling bullet burns the gnoll.
The gnoll is severely wounded.
The gnoll misses you.
Fire: f) +0 sling (flame)
Press: ? - help, Q - select action, (/) - cycle Shift-Dir - straight line, f/p - gnoll
Aim: a gnoll, wielding a +0 spear (64% to hit)
You shoot a sling bullet.
The sling bullet hits the gnoll but does no damage.
The gnoll is severely wounded.
The gnoll hits you from afar with a +3 halberd!
You die...

#################
#gg.@.......††..#
#'############.##
.?...)))...# #.#
......g....# #.#
...........# #.#
........?..# #.#
#######.#### #.#
#.# #.# .># #.#


You could see 2 gnolls.

Vanquished Creatures
  Sigmund (D:2)
  An orc priest (D:3)
  Jessica (D:2)
  3 gnolls
  An adder (D:2)
  2 worms (D:2)
  3 dart slugs
  7 orcs
  5 bats
  6 endoplasms
  A giant cockroach (D:3)
  4 hobgoblins
  4 jackals (D:4)
  2 quokkas
  5 ball pythons
  4 frilled lizards
  6 goblins
  5 kobolds
  6 rats
67 creatures vanquished.

Notes
Turn   | Place    | Note
-------+----------+-------------------------------------------
     0 | D:1      | Malachi the Octopode Monk began the quest for the Orb.
     0 | D:1      | Reached XP level 1. HP: 16/16 MP: 1/1
   145 | D:1      | Reached XP level 2. HP: 17/21 MP: 2/2
   887 | D:2      | Reached XP level 3. HP: 26/26 MP: 3/3
  1127 | D:2      | Noticed Jessica
  1130 | D:2      | Killed Jessica
  1131 | D:2      | Reached skill level 1 in Ranged Weapons
  1131 | D:2      | Reached XP level 4. HP: 31/31 MP: 4/4
  1216 | D:2      | Reached skill level 2 in Ranged Weapons
  1363 | D:2      | Noticed Sigmund
  1384 | D:2      | Killed Sigmund
  1385 | D:2      | Reached skill level 4 in Ranged Weapons
  1385 | D:2      | Reached XP level 5. HP: 9/36 MP: 5/5
  1385 | D:2      | Reached XP level 6. HP: 11/42 MP: 6/6
  1958 | D:3      | Reached skill level 5 in Ranged Weapons
  2232 | D:3      | Found a white marble altar of Elyvilon.
  2858 | D:4      | Slain by a gnoll

Illustrated notes

Levels and vault maps discovered:
D:1:      mainiacjoe_arrival_reflecting_pool, layout_rooms
D:2:      layout_loops_corners, uniq_sigmund, uniq_jessica
D:3:      minmay_door_path, layout_basic, elyvilon_altar_1
D:4:      layout_basic, nicolae_ru_awakened_eye, uniq_robin

Skill      XL: |  1  2  3  4  5  6 |
---------------+-------------------+-----
Unarmed Combat | 4 |  4.2
Ranged Weapons | 1 4 5 |  5.5
Fighting       | |  3.0
Dodging        | |  3.0
Stealth        | |  2.6

Action                   |  1- 3 |  4- 6 || total
-------------------------+-------+-------++-------
Melee: Unarmed           |    35 |     6 ||    41
       Constrict         |     9 |     1 ||    10
       Tentacles         |     6 |     1 ||     7
       Punch             |     2 |       ||     2
       Sling             |       |     2 ||     2
 Fire: Sling             |    23 |   106 ||   129
  Use: Potion            |       |     1 ||     1
       Scroll            |       |     3 ||     3
 Stab: Sleeping          |     6 |       ||     6
Armor: Skin              |     2 |     1 ||     3
Dodge: Dodged            |    21 |    22 ||    43

Table legend: (Time is in decaauts)
 A = Elapsed time spent in this place.
 B = Non-inter-level travel time spent in this place.
 C = Inter-level travel time spent in this place.
 D = Time resting spent in this place.
 E = Time spent auto-exploring this place.
 F = Levels seen in this place.
 G = Mean time per level.
                   A        B        C        D        E       F      G
               +--------+--------+--------+--------+--------+-----+--------+
         Total |   2880 |   2808 |     72 |    219 |   2215 |   4 |  720.0 |
       Dungeon |   2880 |   2808 |     72 |    219 |   2215 |   4 |  720.0 |
               +--------+--------+--------+--------+--------+-----+--------+

Top non-repeatable levels by time:
     D:2: 1122 daAuts
     D:3: 853 daAuts
     D:1: 792 daAuts
     D:4: 112 daAuts
